Workbook

Sheet Orçamento
A1: INCLUIR LOGOTIPO DA EMPRESA
A6: DADOS DA EMPRESA
A7: DADOS DA EMPRESA
A8: DADOS DA EMPRESA
A9: Planilha de Orçamento - GLOBAL
A11: OBRA: ESCRITÓRIO DA REDE DE INCUBADORAS IFSUL NO PELOTAS PARQUE TECNOLÓGICO | F11: ENDEREÇO: Av Domingos de Almeida, 1785 - Bairro Areal
A12: CLIENTE: INSTITUTO FEDERAL SUL-RIO-GRANDENSE | F12: CIDADE: PELOTAS/RS | J12: BDI = | L12: /2020
A13: Item/Descrição | B13: Qtd. | C13: Un | D13: Mão-de-Obra | F13: Material | H13: Custo Unit. Total | I13: Custo Direto | J13: BDI | L13: Sub-Total do Item | M13: Total do Item
D14: Custo Unitário | E14: Custo Parcial | F14: Custo Unitário | G14: Custo Parcial | J14: Valor | K14: %
A16: 1. PROJETOS | M16: =SUM(L17:L18) -> 0
A17: 1. 1. PROJETO BÁSICO
A18: .1 AS BUILT PROJETO ARQUITETÔNICO E COMPLEMENTARES (Incluindo material e mão-de-obra) | B18: 74.08 | C18: M2 | E18: =D18*B18 -> 0 | G18: =F18*B18 -> 0 | H18: =+D18+F18 -> 0 | I18: =E18+G18 -> 0 | J18: =(K18)*I18 -> 0 | K18: =$K$12 -> 0 | L18: =I18+J18 -> 0
A19: 2. SERVIÇOS PRELIMINARES / TÉCNICOS | M19: =SUM(L20:L34) -> 0
A20: 2. 6. TAPUMES
A21: 2. 6. 2. CHAPAS DE COMPENSADO
A22: 2. 6. 2. 1. PAINEL DE COMPENSADO SIMPLES ALTURA 220X110cm | B22: 10.25 | C22: M | E22: =D22*B22 -> 0 | G22: =F22*B22 -> 0 | H22: =+D22+F22 -> 0 | I22: =E22+G22 -> 0 | J22: =(K22)*I22 -> 0 | K22: =$K$12 -> 0 | L22: =I22+J22 -> 0
A23: 2. 6. 4. LONA PLÁSTICA
A24: 2. 6. 4. 1. LONA PLÁSTICA PRETA EM POLIETILENO DE BAIXA DENSIDADE 4x100 COM 40kg e 150 MICRAS | B24: 28.75 | C24: M2 | E24: =D24*B24 -> 0 | G24: =F24*B24 -> 0 | H24: =+D24+F24 -> 0 | I24: =E24+G24 -> 0 | J24: =(K24)*I24 -> 0 | K24: =$K$12 -> 0 | L24: =I24+J24 -> 0
A25: 2. 7. PLACAS DE IDENTIFICAÇÃO DE OBRAS | E25: =D25*B25 -> 0 | G25: =F25*B25 -> 0 | H25: =+D25+F25 -> 0 | I25: =E25+G25 -> 0 | L25: =I25+J25 -> 0
A26: 2. 7. 1. PLACA DE OBRA 1,125 x 1,80M | B26: 2.03 | C26: M2 | E26: =D26*B26 -> 0 | G26: =F26*B26 -> 0 | H26: =+D26+F26 -> 0 | I26: =E26+G26 -> 0 | J26: =(K26)*I26 -> 0 | K26: =$K$12 -> 0 | L26: =I26+J26 -> 0
A27: 2. 8. DEMOLIÇÕES E REMOÇÕES | E27: =D27*B27 -> 0 | G27: =F27*B27 -> 0 | H27: =+D27+F27 -> 0 | I27: =E27+G27 -> 0 | J27: =K27*I27 -> 0 | L27: =I27+J27 -> 0
A28: 2. 8. 1. DEMOLIÇÃO DE CONSTRUÇÃO
A29: 2. 8. 1. 9. DEMOLIÇÃO DE CONCRETO
A30: .1 DEMOLIÇÃO DE VIGA DE CONCRETO ARMADO COM REMOÇÃO | B30: 0.5 | C30: M3 | E30: =D30*B30 -> 0 | G30: =F30*B30 -> 0 | H30: =+D30+F30 -> 0 | I30: =E30+G30 -> 0 | J30: =(K30)*I30 -> 0 | K30: =$K$12 -> 0 | L30: =I30+J30 -> 0
A31: 2. 8. 22. REMOÇÃO, RECUPERAÇÃO E REINSTALAÇÃO DE ESQUADRIAS DE FERRO | E31: =D31*B31 -> 0 | G31: =F31*B31 -> 0 | H31: =+D31+F31 -> 0 | I31: =E31+G31 -> 0 | L31: =I31+J31 -> 0
A32: .1 REMOÇÃO, RECUPERAÇÃO E INSTALAÇÃO DE ESQUADRIAS DE FERRO | B32: =19.5+6.37 -> 25.87 | C32: M2 | E32: =D32*B32 -> 0 | G32: =F32*B32 -> 0 | H32: =+D32+F32 -> 0 | I32: =E32+G32 -> 0 | J32: =(K32)*I32 -> 0 | K32: =$K$12 -> 0 | L32: =I32+J32 -> 0
A33: 2.11. LIMPEZA PERMANENTE DA OBRA | E33: =D33*B33 -> 0 | G33: =F33*B33 -> 0 | H33: =+D33+F33 -> 0 | I33: =E33+G33 -> 0 | L33: =I33+J33 -> 0
A34: .1 LIMPEZA PERMANENTE DA OBRA | B34: 74.08 | C34: M2 | E34: =D34*B34 -> 0 | G34: =F34*B34 -> 0 | H34: =+D34+F34 -> 0 | I34: =E34+G34 -> 0 | J34: =(K34)*I34 -> 0 | K34: =$K$12 -> 0 | L34: =I34+J34 -> 0
A35: 6. SUPERESTRUTURA | M35: =SUM(L36:L54) -> 0
A36: 6. 2 ESTRUTURA METÁLICA PARA MEZANINO, ESCADA E ESCRITÓRIO/BAR
A37: 6. 2. 1. PERFIS, CANTONEIRAS E CHAPAS | J37: =I37*K37 -> 0
A38: .1 PERFIL I DE AÇO ESTRUTURAL W 200x26,6 - MÍNIMO ASTM A36 CONEXÕES SOLDADAS E/OU PARAFUSADAS - C/ PERDAS | B38: 1671.93 | C38: KG | E38: =D38*B38 -> 0 | G38: =F38*B38 -> 0 | H38: =+D38+F38 -> 0 | I38: =E38+G38 -> 0 | J38: =(K38)*I38 -> 0 | K38: =$K$12 -> 0 | L38: =I38+J38 -> 0
A39: .2 PERFIL I DE AÇO ESTRUTURAL W 150x13,0 - MÍNIMO ASTM A36 CONEXÕES SOLDADAS E/OU PARAFUSADAS - C/ PERDAS | B39: 422.89 | C39: KG | E39: =D39*B39 -> 0 | G39: =F39*B39 -> 0 | H39: =+D39+F39 -> 0 | I39: =E39+G39 -> 0 | J39: =(K39)*I39 -> 0 | K39: =$K$12 -> 0 | L39: =I39+J39 -> 0
A40: .3 PERFIL T DE AÇO ESTRUTURAL 2" x 1/4" - ASTM A36 - CONEXÕES SOLDADAS E/OU PARAFUSADAS - C/ PERDAS | B40: 162.59 | C40: KG | E40: =D40*B40 -> 0 | G40: =F40*B40 -> 0 | H40: =+D40+F40 -> 0 | I40: =E40+G40 -> 0 | J40: =(K40)*I40 -> 0 | K40: =$K$12 -> 0 | L40: =I40+J40 -> 0
A41: .4 PERFIL UDC DE AÇO ESTRUT. 5x40x5x0,635 CM - ASTM A36 - A DOBRAR - CONEXÕES SOLD. E/OU PARAF. - C/ PERDAS | B41: 265.98 | C41: KG | E41: =D41*B41 -> 0 | G41: =F41*B41 -> 0 | H41: =+D41+F41 -> 0 | I41: =E41+G41 -> 0 | J41: =(K41)*I41 -> 0 | K41: =$K$12 -> 0 | L41: =I41+J41 -> 0
A42: .5 PERFIL UDC DE AÇO ESTRUT. 5,25x29,5x5,25x0,635 CM - ASTM A36 - A DOBRAR - C/ CONEXÕES E C/ PERDAS | B42: 195.67 | C42: KG | E42: =D42*B42 -> 0 | G42: =F42*B42 -> 0 | H42: =+D42+F42 -> 0 | I42: =E42+G42 -> 0 | J42: =(K42)*I42 -> 0 | K42: =$K$12 -> 0 | L42: =I42+J42 -> 0
A43: .6 PERFIL UDC DE AÇO ESTRUT. 5x6,4x5x0635 CM - ASTM A36 - A DOBRAR - CONEXÕES SOLD. E/OU PARAF. - C/ PERDAS | B43: 50.28 | C43: KG | E43: =D43*B43 -> 0 | G43: =F43*B43 -> 0 | H43: =+D43+F43 -> 0 | I43: =E43+G43 -> 0 | J43: =(K43)*I43 -> 0 | K43: =$K$12 -> 0 | L43: =I43+J43 -> 0
A44: .7 PERFIL UDC DE AÇO ESTRUTURAL 40x75x40x3,42 MM - ASTM A36 - CONEXÕES SOLDADAS E/OU PARAFUSADAS | B44: 21.7 | C44: KG | E44: =D44*B44 -> 0 | G44: =F44*B44 -> 0 | H44: =+D44+F44 -> 0 | I44: =E44+G44 -> 0 | J44: =(K44)*I44 -> 0 | K44: =$K$12 -> 0 | L44: =I44+J44 -> 0
A45: .8 PERFIL UDC DE AÇO ESTRUTURAL 40x75x40x2,00 MM - ASTM A36 - CONEXÕES SOLD. E/OU PARAF. - C/ PERDAS | B45: 21.2 | C45: KG | E45: =D45*B45 -> 0 | G45: =F45*B45 -> 0 | H45: =+D45+F45 -> 0 | I45: =E45+G45 -> 0 | J45: =(K45)*I45 -> 0 | K45: =$K$12 -> 0 | L45: =I45+J45 -> 0
A46: .9 PERFIL UDC ENRIJECIDO DE AÇO ESTRUT. 200x75x25x4,76 MM - ASTM A36 - CONEXÕES SOLD. E/OU PARAF. - C/ PERDAS | B46: 175.91 | C46: KG | E46: =D46*B46 -> 0 | G46: =F46*B46 -> 0 | H46: =+D46+F46 -> 0 | I46: =E46+G46 -> 0 | J46: =(K46)*I46 -> 0 | K46: =$K$12 -> 0 | L46: =I46+J46 -> 0
A47: .10 PERFIL CANTONEIRA DE AÇO ESTRUTURAL 1" x 1/4" - ASTM A36 - CONEXÕES SOLD. E/OU PARAF. - C/ PERDAS | B47: 39.6 | C47: KG | E47: =D47*B47 -> 0 | G47: =F47*B47 -> 0 | H47: =+D47+F47 -> 0 | I47: =E47+G47 -> 0 | J47: =(K47)*I47 -> 0 | K47: =$K$12 -> 0 | L47: =I47+J47 -> 0
A48: .11 PERFIL CANTONEIRA DE AÇO ESTRUTURAL 1.1/2" x 1/4" - ASTM A36 - CONEXÕES SOLD. E/OU PARAF. - C/ PERDAS | B48: 29.23 | C48: KG | E48: =D48*B48 -> 0 | G48: =F48*B48 -> 0 | H48: =+D48+F48 -> 0 | I48: =E48+G48 -> 0 | J48: =(K48)*I48 -> 0 | K48: =$K$12 -> 0 | L48: =I48+J48 -> 0
A49: .12 PERFIL CANTONEIRA DE AÇO ESTRUTURAL 2" x 1/4" - ASTM A36 - CONEXÕES SOLD. E/OU PARAF. - C/ PERDAS | B49: 25.43 | C49: KG | E49: =D49*B49 -> 0 | G49: =F49*B49 -> 0 | H49: =+D49+F49 -> 0 | I49: =E49+G49 -> 0 | J49: =(K49)*I49 -> 0 | K49: =$K$12 -> 0 | L49: =I49+J49 -> 0
... A52: .15 ARCO TRELIÇADO DE 5,35x2,62M COM CANTONEIRAS DE 1.1/4" E BARRAS REDONDAS DE 5/8" - COLOCADO | B52: 1 | C52: UN | E52: =D52*B52 -> 0 | G52: =F52*B52 -> 0 | H52: =+D52+F52 -> 0 | I52: =E52+G52 -> 0 | J52: =(K52)*I52 -> 0 | K52: =$K$12 -> 0 | L52: =I52+J52 -> 0
A53: 6. 5. ESTRUTURA EM PAINÉIS
A54: .2 CHAPA PAINEL COMPOSTO 1,20x2,50M, ESP. 40MM DO TIPO MASTERBOARD OU SIMILAR | B54: 16 | C54: UN | E54: =D54*B54 -> 0 | G54: =F54*B54 -> 0 | H54: =+D54+F54 -> 0 | I54: =E54+G54 -> 0 | J54: =(K54)*I54 -> 0 | K54: =$K$12 -> 0 | L54: =I54+J54 -> 0
A55: 7. ALVENARIAS | M55: =SUM(L56:L61) -> 0
A56: 7. 1. ALVENARIAS
A57: 7. 1. 3. DE TIJOLOS CERÂMICOS À VISTA
A58: .1 ALVENARIA TIJ.A VISTA-DE 15CM-J1CM CI-AR 1:5 | B58: 6.78 | C58: M2 | E58: =D58*B58 -> 0 | G58: =F58*B58 -> 0 | H58: =+D58+F58 -> 0 | I58: =E58+G58 -> 0 | J58: =(K58)*I58 -> 0 | K58: =$K$12 -> 0 | L58: =I58+J58 -> 0
A59: 7. 2. DIVISÓRIAS
A60: 7. 2. 2. DIVISÓRIA COM PAINÉIS DE GESSO
A61: .1 PAREDE DE GESSO ACARTONADO STANDARD C/ COLOCAÇÃO | B61: 8.36 | C61: M2 | E61: =D61*B61 -> 0 | G61: =F61*B61 -> 0 | H61: =+D61+F61 -> 0 | I61: =E61+G61 -> 0 | J61: =(K61)*I61 -> 0 | K61: =$K$12 -> 0 | L61: =I61+J61 -> 0
A62: 8. ESQUADRIAS | M62: =SUM(L63:L80) -> 0
A63: 8. 1. ESQUADRIAS DE MADEIRA
A64: 8. 1. 2. PORTAS INTERNAS
A65: .1 PORTA DE CORRER - 2 FOLHAS -TEXTURA CARVALHO MALVA - 1.00X2.10M - COM FERRAGENS | B65: 2 | C65: CJ | E65: =D65*B65 -> 0 | G65: =F65*B65 -> 0 | H65: =+D65+F65 -> 0 | I65: =E65+G65 -> 0 | J65: =(K65)*I65 -> 0 | K65: =$K$12 -> 0 | L65: =I65+J65 -> 0
A66: 8. 1. 3. JANELAS INTERNAS
A67: .1 JANELA DE CORRER DUAS FOLHAS - TEXTURA CARVALHO MALVA - 1.00X1.00/3.00M - COM FERRAGENS | B67: 2 | C67: CJ | E67: =D67*B67 -> 0 | G67: =F67*B67 -> 0 | H67: =+D67+F67 -> 0 | I67: =E67+G67 -> 0 | J67: =(K67)*I67 -> 0 | K67: =$K$12 -> 0 | L67: =I67+J67 -> 0
A68: 8. 2. ESQUADRIAS DE ALUMÍNIO
A69: 8. 2. 1. JANELAS
A70: 8. 2. 1. 1. MAXIM AR
A71: .1 CAIXILHO MAXIM AR ALUMINIO ANODIZADO BRANCO - COM FERRAGENS | B71: 3.69 | C71: M2 | E71: =D71*B71 -> 0 | G71: =F71*B71 -> 0 | H71: =+D71+F71 -> 0 | I71: =E71+G71 -> 0 | J71: =(K71)*I71 -> 0 | K71: =$K$12 -> 0 | L71: =I71+J71 -> 0
A72: 8. 2. 1. 1. VENEZIANA VAZADA FIXA
A73: .1 VENEZINA VAZADA FIXA | B73: 2.88 | C73: M2 | E73: =D73*B73 -> 0 | G73: =F73*B73 -> 0 | H73: =+D73+F73 -> 0 | I73: =E73+G73 -> 0 | J73: =(K73)*I73 -> 0 | K73: =$K$12 -> 0 | L73: =I73+J73 -> 0
A74: 8. 10. ESQUADRIAS DE VIDRO LAMINADO TEMPERADO
A75: 8.10.1 DE VIDRO INCOLOR
A76: 8. 10. 1. JANELAS
A77: .1 JANELA DE VIDRO LAMINADO TEMP. DE CORRER - 3,07x1,19M, ESP. DE 12MM, CAMADAS DE 6MM, INCL. ACES. E FERR. | B77: 1 | C77: CJ | E77: =D77*B77 -> 0 | G77: =F77*B77 -> 0 | H77: =+D77+F77 -> 0 | I77: =E77+G77 -> 0 | J77: =(K77)*I77 -> 0 | K77: =$K$12 -> 0 | L77: =I77+J77 -> 0
A78: .2 JANELA DE VIDRO LAMINADO TEMP. DE CORRER - 1,83x1,20M, ESP. DE 12MM, CAMADAS DE 6MM, INCL. ACES. E FERR. | B78: 2 | C78: CJ | E78: =D78*B78 -> 0 | G78: =F78*B78 -> 0 | H78: =+D78+F78 -> 0 | I78: =E78+G78 -> 0 | J78: =(K78)*I78 -> 0 | K78: =$K$12 -> 0 | L78: =I78+J78 -> 0
A79: 8 10. 2. PORTAS
A80: .1 PORTA DE VIDRO LAMINADO TEMP. DE CORRER, 1,30X2,15M, ESP. DE 12MM, CAMADAS DE 6MM, INCL. ACES. E FERR. | B80: 1 | C80: CJ | E80: =D80*B80 -> 0 | G80: =F80*B80 -> 0 | H80: =+D80+F80 -> 0 | I80: =E80+G80 -> 0 | J80: =(K80)*I80 -> 0 | K80: =$K$12 -> 0 | L80: =I80+J80 -> 0
A81: 10. INSTALAÇÕES ELÉTRICAS | M81: =SUM(L84:L169) -> 0
A82: 10. 1. INSTALAÇÕES DE BAIXA TENSÃO
A83: 10. 1. 1. LUMINÁRIAS
A84: .1 PLAFON LED 25W 6500K QUADRADA BIVOLT PRETA, INCLUINDO INSTALAÇÃO | B84: 10 | C84: UN | E84: =D84*B84 -> 0 | G84: =F84*B84 -> 0 | H84: =+D84+F84 -> 0 | I84: =E84+G84 -> 0 | J84: =(K84)*I84 -> 0 | K84: =$K$12 -> 0 | L84: =I84+J84 -> 0
A85: .2 PENDENTE REDONDA DIAM. 60CM PRETO, COM 5 LAMP. LED 13W E27, INCLUINDO INSTALAÇÃO | B85: 10 | C85: UN | E85: =D85*B85 -> 0 | G85: =F85*B85 -> 0 | H85: =+D85+F85 -> 0 | I85: =E85+G85 -> 0 | J85: =(K85)*I85 -> 0 | K85: =$K$12 -> 0 | L85: =I85+J85 -> 0
A86: .3 PLAFON PLAFONIER COM SOQUETE E27 E LAMP. LED 13W, , INCLUINDO INSTALAÇÃO | B86: 2 | C86: UN | E86: =D86*B86 -> 0 | G86: =F86*B86 -> 0 | H86: =+D86+F86 -> 0 | I86: =E86+G86 -> 0 | J86: =(K86)*I86 -> 0 | K86: =$K$12 -> 0 | L86: =I86+J86 -> 0
A87: .4 ARANDELA QUADRADA LINHA KASSE 1XG9 C/ LAMPADA LED HALOPIN 3W, INCLUINDO INSTALAÇÃO | B87: 2 | C87: UN | E87: =D87*B87 -> 0 | G87: =F87*B87 -> 0 | H87: =+D87+F87 -> 0 | I87: =E87+G87 -> 0 | J87: =(K87)*I87 -> 0 | K87: =$K$12 -> 0 | L87: =I87+J87 -> 0
A88: .5 PENDENTE Q-01 BAMBOLA PRETO/COBRE C/ LAMPADA LED PAR30 09W 25G 3000K BIVOLT, INCLUINDO INSTALAÇÃO | B88: 3 | C88: UN | E88: =D88*B88 -> 0 | G88: =F88*B88 -> 0 | H88: =+D88+F88 -> 0 | I88: =E88+G88 -> 0 | J88: =(K88)*I88 -> 0 | K88: =$K$12 -> 0 | L88: =I88+J88 -> 0
A89: .6 ANDAIME METALICO P/FACHADA-2-4 PAV-REAPR. 3 X - LOCACAO MES | B89: 1 | C89: M2 | E89: =D89*B89 -> 0 | G89: =F89*B89 -> 0 | H89: =+D89+F89 -> 0 | I89: =E89+G89 -> 0 | J89: =(K89)*I89 -> 0 | K89: =$K$12 -> 0 | L89: =I89+J89 -> 0
A90: 10. 1. 3. CONDUTORES
A91: .1 CABO ISOLADO FLEXIVEL 1.5MM2 (14AWG) | B91: 254 | C91: M | E91: =D91*B91 -> 0 | G91: =F91*B91 -> 0 | H91: =+D91+F91 -> 0 | I91: =E91+G91 -> 0 | J91: =(K91)*I91 -> 0 | K91: =$K$12 -> 0 | L91: =I91+J91 -> 0
A92: .2 CABO ISOLADO FLEXIVEL 2.5MM2 (12AWG) | B92: 395 | C92: M | E92: =D92*B92 -> 0 | G92: =F92*B92 -> 0 | H92: =+D92+F92 -> 0 | I92: =E92+G92 -> 0 | J92: =(K92)*I92 -> 0 | K92: =$K$12 -> 0 | L92: =I92+J92 -> 0
A93: .3 CABO ISOLADO 16MM2 - 1000V (4AWG) | B93: 175 | C93: M | E93: =D93*B93 -> 0 | G93: =F93*B93 -> 0 | H93: =+D93+F93 -> 0 | I93: =E93+G93 -> 0 | J93: =(K93)*I93 -> 0 | K93: =$K$12 -> 0 | L93: =I93+J93 -> 0
A94: .4 CABO MULTIPOLAR 2X2,5MM2 | B94: 33 | C94: M | E94: =D94*B94 -> 0 | G94: =F94*B94 -> 0 | H94: =+D94+F94 -> 0 | I94: =E94+G94 -> 0 | J94: =(K94)*I94 -> 0 | K94: =$K$12 -> 0 | L94: =I94+J94 -> 0
A95: .5 TERMINAL TIPO GARFO/OLHAL/PINO 1,5/2,5MM2 | B95: 33 | C95: UN | E95: =D95*B95 -> 0 | G95: =F95*B95 -> 0 | H95: =+D95+F95 -> 0 | I95: =E95+G95 -> 0 | J95: =(K95)*I95 -> 0 | K95: =$K$12 -> 0 | L95: =I95+J95 -> 0
A96: 10. 1. 4. ELETRODUTOS E ACESSÓRIOS
A97: .1 ELETRODUTO CORRUGADO 3/4" | B97: 3.5 | C97: M | E97: =D97*B97 -> 0 | G97: =F97*B97 -> 0 | H97: =+D97+F97 -> 0 | I97: =E97+G97 -> 0 | J97: =(K97)*I97 -> 0 | K97: =$K$12 -> 0 | L97: =I97+J97 -> 0
A98: .2 ELETRODUTO CORRUGADO 1" | B98: 1 | C98: M | E98: =D98*B98 -> 0 | G98: =F98*B98 -> 0 | H98: =+D98+F98 -> 0 | I98: =E98+G98 -> 0 | J98: =(K98)*I98 -> 0 | K98: =$K$12 -> 0 | L98: =I98+J98 -> 0
A99: .3 ELETRODUTO PVC RIGIDO ROSCAVEL 1" (25MM) | B99: 5 | C99: M | E99: =D99*B99 -> 0 | G99: =F99*B99 -> 0 | H99: =+D99+F99 -> 0 | I99: =E99+G99 -> 0 | J99: =(K99)*I99 -> 0 | K99: =$K$12 -> 0 | L99: =I99+J99 -> 0
A100: .4 CONECTOR BOX RETO 3/4" ALUMINIO | B100: 6 | C100: UN | E100: =D100*B100 -> 0 | G100: =F100*B100 -> 0 | H100: =+D100+F100 -> 0 | I100: =E100+G100 -> 0 | J100: =(K100)*I100 -> 0 | K100: =$K$12 -> 0 | L100: =I100+J100 -> 0
A101: .5 ELETRODUTO PESADO ESMALTADO 1" (25MM) | B101: 4.62 | C101: M | E101: =D101*B101 -> 0 | G101: =F101*B101 -> 0 | H101: =+D101+F101 -> 0 | I101: =E101+G101 -> 0 | J101: =(K101)*I101 -> 0 | K101: =$K$12 -> 0 | L101: =I101+J101 -> 0
A102: .6 ABRAÇADEIRA AÇO ZINC. TIPO D C/TRAVA P/ELETR. 1" (25MM) | B102: 7 | C102: UN | E102: =D102*B102 -> 0 | G102: =F102*B102 -> 0 | H102: =+D102+F102 -> 0 | I102: =E102+G102 -> 0 | J102: =(K102)*I102 -> 0 | K102: =$K$12 -> 0 | L102: =I102+J102 -> 0
A103: .7 CURVA 90 ELETRODUTO PESADO ESMALTADO 1" (25MM) | B103: 1 | C103: UN | E103: =D103*B103 -> 0 | G103: =F103*B103 -> 0 | H103: =+D103+F103 -> 0 | I103: =E103+G103 -> 0 | J103: =(K103)*I103 -> 0 | K103: =$K$12 -> 0 | L103: =I103+J103 -> 0
A104: .8 ELETRODUTO PESADO ESMALTADO 3/4" (19MM) | B104: 18.33 | C104: M | E104: =D104*B104 -> 0 | G104: =F104*B104 -> 0 | H104: =+D104+F104 -> 0 | I104: =E104+G104 -> 0 | J104: =(K104)*I104 -> 0 | K104: =$K$12 -> 0 | L104: =I104+J104 -> 0
A105: .9 CURVA 90 ELETRODUTO PESADO ESMALTADO 3/4" (19MM) | B105: 4 | C105: UN | E105: =D105*B105 -> 0 | G105: =F105*B105 -> 0 | H105: =+D105+F105 -> 0 | I105: =E105+G105 -> 0 | J105: =(K105)*I105 -> 0 | K105: =$K$12 -> 0 | L105: =I105+J105 -> 0
A106: .10 BUCHA DE REDUÇÃO ALUMÍNIO SILÍCIO 1" P/ 3/4" | B106: 3 | C106: UN | E106: =D106*B106 -> 0 | G106: =F106*B106 -> 0 | H106: =+D106+F106 -> 0 | I106: =E106+G106 -> 0 | J106: =(K106)*I106 -> 0 | K106: =$K$12 -> 0 | L106: =I106+J106 -> 0
A107: .11 ABRAÇADEIRA AÇO ZINC. TIPO D C/TRAVA P/ELETR. 3/4" (19MM) | B107: 27 | C107: UN | E107: =D107*B107 -> 0 | G107: =F107*B107 -> 0 | H107: =+D107+F107 -> 0 | I107: =E107+G107 -> 0 | J107: =(K107)*I107 -> 0 | K107: =$K$12 -> 0 | L107: =I107+J107 -> 0
A108: .12 BOX MACHO GIRATÓRIO 1" | B108: 10 | C108: UN | E108: =D108*B108 -> 0 | G108: =F108*B108 -> 0 | H108: =+D108+F108 -> 0 | I108: =E108+G108 -> 0 | J108: =(K108)*I108 -> 0 | K108: =$K$12 -> 0 | L108: =I108+J108 -> 0
...

Sheet Cronograma
A1: INCLUIR LOGOTIPO DA EMPRESA
A6: DADOS DA EMPRESA
A7: DADOS DA EMPRESA
A8: DADOS DA EMPRESA
A10: OBRA: ESCRITÓRIO DA REDE DE INCUBADORAS IFSUL NO PELOTAS PARQUE TECNOLÓGICO | D10: Endereço: Av Domingos de Almeida, 1785 - Bairro Areal
A11: Cliente: Instituto Federal Sul-Rio-Grandense | D11: Pelotas - RS
A13: ITEM | B13: 30 dias | D13: 60 dias | F13: 90 dias | H13: TOTAL
B14: VALOR | C14: % | D14: VALOR | E14: % | H14: VALOR | I14: %
A15: 1. PROJETOS | B15: =C15*$H15 -> 0 | F15: =G15*$H15 -> 0 | H15: =Orçamento!M16 -> 0 | I15: =C15+E15+G15 -> 0
A16: 2. SERVIÇOS PRELIMINARES / TÉCNICOS | B16: =C16*$H16 -> 0 | D16: =E16*$H16 -> 0 | F16: =G16*$H16 -> 0 | H16: =Orçamento!M19 -> 0 | I16: =C16+E16+G16 -> 0 | W16: =B16+D16 -> 0 | X16: =L16-W16 -> 0
A17: 6. SUPERESTRUTURA | B17: =C17*$H17 -> 0 | D17: =E17*$H17 -> 0 | F17: =G17*$H17 -> 0 | H17: =Orçamento!M35 -> 0 | I17: =C17+E17+G17 -> 0
A18: 7. ALVENARIA/VEDAÇÃO/DIVISÓRIA | B18: =C18*$H18 -> 0 | D18: =E18*$H18 -> 0 | F18: =G18*$H18 -> 0 | H18: =Orçamento!M55 -> 0 | I18: =C18+E18+G18 -> 0
A19: 8. ESQUADRIAS | B19: =C19*$H19 -> 0 | D19: =E19*$H19 -> 0 | F19: =G19*$H19 -> 0 | H19: =Orçamento!M62 -> 0 | I19: =C19+E19+G19 -> 0
A20: 10. INSTALAÇÕES ELÉTRICAS | B20: =C20*$H20 -> 0 | D20: =E20*$H20 -> 0 | F20: =G20*$H20 -> 0 | H20: =Orçamento!M81 -> 0 | I20: =C20+E20+G20 -> 0
A21: 11. INSTALAÇÕES REDE LÓGICA | B21: =C21*$H21 -> 0 | D21: =E21*$H21 -> 0 | F21: =G21*$H21 -> 0 | H21: =Orçamento!M170 -> 0 | I21: =C21+E21+G21 -> 0
A22: 12. INSTALAÇÕES HIDRÁULICAS E SANITÁRIAS | B22: =C22*$H22 -> 0 | D22: =E22*$H22 -> 0 | F22: =G22*$H22 -> 0 | H22: =Orçamento!M183 -> 0 | I22: =C22+E22+G22 -> 0
A23: 13. ISOLAÇÃO TÉRMICA E ACÚSTICA | B23: =C23*$H23 -> 0 | D23: =E23*$H23 -> 0 | F23: =G23*$H23 -> 0 | H23: =Orçamento!M197 -> 0 | I23: =C23+E23+G23 -> 0 | W23: =B23+D23 -> 0 | X23: =L23-W23 -> 0
A24: 14. INSTALAÇÕES DE COMBATE A INCÊNDIO | B24: =C24*$H24 -> 0 | D24: =E24*$H24 -> 0 | F24: =G24*$H24 -> 0 | H24: =Orçamento!M201 -> 0 | I24: =C24+E24+G24 -> 0
A25: 15. REVESTIMENTOS | B25: =C25*$H25 -> 0 | D25: =E25*$H25 -> 0 | F25: =G25*$H25 -> 0 | H25: =Orçamento!M218 -> 0 | I25: =C25+E25+G25 -> 0
A26: 16. VIDROS | B26: =C26*$H26 -> 0 | D26: =E26*$H26 -> 0 | F26: =G26*$H26 -> 0 | H26: =Orçamento!M224 -> 0 | I26: =C26+E26+G26 -> 0
A27: 17. PINTURA | B27: =C27*$H27 -> 0 | D27: =E27*$H27 -> 0 | F27: =G27*$H27 -> 0 | H27: =Orçamento!M233 -> 0 | I27: =C27+E27+G27 -> 0 | W27: =B27+D27 -> 0 | X27: =L27-W27 -> 0
A28: 18. SERVIÇOS COMPLEMENTARES | B28: =C28*$H28 -> 0 | D28: =E28*$H28 -> 0 | F28: =G28*$H28 -> 0 | H28: =Orçamento!M246 -> 0 | I28: =C28+E28+G28 -> 0
A29: 19. PAISAGISMO/URBANIZAÇÃO | B29: =C29*$H29 -> 0 | D29: =E29*$H29 -> 0 | F29: =G29*$H29 -> 0 | H29: =Orçamento!M249 -> 0 | I29: =C29+E29+G29 -> 0
A30: 20. EQUIPAMENTOS | B30: =C30*$H30 -> 0 | D30: =E30*$H30 -> 0 | F30: =G30*$H30 -> 0 | H30: =Orçamento!M253 -> 0 | I30: =C30+E30+G30 -> 0
A31: 21. GERENCIAMENTO DE OBRAS/FISCALIZAÇÃO | B31: =C31*$H31 -> 0 | D31: =E31*$H31 -> 0 | F31: =G31*$H31 -> 0 | H31: =Orçamento!M270 -> 0 | I31: =C31+E31+G31 -> 0
A32: 23. AR CONDICIONADO | B32: =C32*$H32 -> 0 | D32: =E32*$H32 -> 0 | F32: =G32*$H32 -> 0 | H32: =Orçamento!M274 -> 0 | I32: =C32+E32+G32 -> 0
A33: 24. PISO | B33: =C33*$H33 -> 0 | D33: =E33*$H33 -> 0 | F33: =G33*$H33 -> 0 | H33: =Orçamento!M292 -> 0 | I33: =C33+E33+G33 -> 0
A34: Total da Etapa | B34: =SUM(B15:B33) -> 0 | C34: =B34/$H$34 -> #DIV/0! | D34: =SUM(D15:D33) -> 0 | E34: =D34/$H$34 -> #DIV/0! | F34: =SUM(F15:F33) -> 0 | G34: =F34/$H$34 -> #DIV/0! | H34: =B34+D34+F34 -> 0 | I34: =C34+E34+G34 -> #DIV/0! | W34: =B34+D34 -> 0 | X34: =L34-W34 -> 0
A35: Total Acumulado | B35: =B34 -> 0 | C35: =C34 -> #DIV/0! | D35: =B35+D34 -> 0 | E35: =C35+E34 -> #DIV/0! | F35: =D35+F34 -> 0 | G35: =E35+G34 -> #DIV/0! | H35: =SUM(H15:H33) -> 0
H39: Local e Data
F45: Nome do Profissional Responsável
F46: Especificação do Cargo/função
F47: N° do CREA ou CAU
